[Event "EYTCC U12 Open 2019"]
[Site "Pardubice"]
[Date "2019.07.17"]
[Round "7.21"]
[White "Herega, Nejc"]
[Black "Royal, Shreyas"]
[Result "0-1"]
[ECO "E73"]
[WhiteElo "1939"]
[BlackElo "1996"]
[Annotator "NA"]
[PlyCount "68"]
[EventDate "2019.07.11"]
[EventType "swiss"]
[EventCountry "CZE"]
[SourceTitle "playchess.com"]
[Source "ChessBase"]
[SourceQuality "1"]
[WhiteTeam "Slovenia"]
[BlackTeam "England"]
[WhiteTeamCountry "SLO"]
[BlackTeamCountry "ENG"]
[TimeControl "40/5400+30:1800+30"]

1. d4 Nf6 2. c4 g6 3. Nc3 Bg7 4. e4 d6 5. Be2 O-O 6. Bg5 c5 7. d5 e6 8. Nf3 exd5 9. exd5 Qb6 10. Qd2 Bf5 11. Rc1 Ne4 12. Nxe4 Bxe4 13. b3 Bxf3 14. Bxf3 Re8+ 15. Be2 a5 16. O-O a4 17. Rb1 axb3 18. Rxb3 Qa6 19. Rfb1 Qxa2 20. Qxa2 Rxa2 21. Rxb7 Na6 22. Bf1 Bd4 23. Bh4 f5 24. Ra7 g5 25. Bxg5 Rxf2 26. Kh1 Nb4 27. Bh4 Rf4 28. Bg3 Rfe4 29. Rd7 f4 30. Bh4 f3 31. g3 Re1 32. Rd8 Rxb1 33. Rxe8+ Kf7 34. Re7+ Kf8 0-1

[Event "EYTCC U12 Open 2019"]
[Site "Pardubice"]
[Date "2019.07.17"]
[Round "7.22"]
[White "Dias, Savin"]
[Black "Skrbec, Leon"]
[Result "1/2-1/2"]
[ECO "B19"]
[WhiteElo "1840"]
[BlackElo "1896"]
[Annotator "NA"]
[PlyCount "90"]
[EventDate "2019.07.11"]
[EventType "swiss"]
[EventCountry "CZE"]
[SourceTitle "playchess.com"]
[Source "ChessBase"]
[SourceQuality "1"]
[WhiteTeam "England"]
[BlackTeam "Slovenia"]
[WhiteTeamCountry "ENG"]
[BlackTeamCountry "SLO"]
[TimeControl "40/5400+30:1800+30"]

1. e4 c6 2. d4 d5 3. Nc3 dxe4 4. Nxe4 Bf5 5. Ng3 Bg6 6. h4 h6 7. Nf3 Nd7 8. h5 Bh7 9. Bd3 Bxd3 10. Qxd3 Ngf6 11. Bd2 e6 12. O-O-O Bd6 13. Ne4 Nxe4 14. Qxe4 Nf6 15. Qe2 Qc7 16. g3 O-O-O 17. Kb1 c5 18. c3 c4 19. Ne5 Bxe5 20. dxe5 Nd5 21. Rh4 b5 22. Rd4 Ne7 23. Bf4 Nf5 24. Rxd8+ Rxd8 25. Rxd8+ Qxd8 26. Qe4 Qd1+ 27. Bc1 Qd5 28. Qxd5 exd5 29. Bf4 Kd7 30. Kc1 Ke6 31. Kd2 Ne7 32. Be3 Kxe5 33. Bxa7 Nc6 34. Bc5 Kf5 35. Bf8 Kg5 36. Bxg7 Kxh5 37. Ke3 Kg6 38. Bd4 Kf5 39. f3 h5 40. a3 Nd8 41. Bc5 Ne6 42. Bd6 Kg5 43. Bb4 Kf5 44. Bd6 Kg5 45. Bb4 Kf5 1/2-1/2

[Event "EYTCC U12 Open 2019"]
[Site "Pardubice"]
[Date "2019.07.17"]
[Round "7.23"]
[White "Gregoric, Andraz"]
[Black "Merriman, James"]
[Result "0-1"]
[ECO "C03"]
[WhiteElo "1911"]
[BlackElo "1808"]
[Annotator "NA"]
[PlyCount "60"]
[EventDate "2019.07.11"]
[EventType "swiss"]
[EventCountry "CZE"]
[SourceTitle "playchess.com"]
[Source "ChessBase"]
[SourceQuality "1"]
[WhiteTeam "Slovenia"]
[BlackTeam "England"]
[WhiteTeamCountry "SLO"]
[BlackTeamCountry "ENG"]
[TimeControl "40/5400+30:1800+30"]

1. e4 e6 2. d4 d5 3. Nd2 Be7 4. Bd3 c5 5. dxc5 Nf6 6. Qe2 O-O 7. Ngf3 a5 8. O-O Na6 9. c3 Nxc5 10. Bc2 b6 11. Qe3 Ncxe4 12. Nxe4 dxe4 13. Bxe4 Bc5 14. Nd4 Nxe4 15. Qxe4 Ba6 16. Rd1 Re8 17. Be3 f5 18. Qf3 Qf6 19. Rd2 f4 20. Bxf4 e5 21. Qd5+ Kh8 22. Bxe5 Qxe5 23. Qxe5 Rxe5 24. Nf3 Re7 25. a3 a4 26. Rad1 Rae8 27. Rd5 Re2 28. Rd8 Bxf2+ 29. Kh1 h6 30. Rxe8+ Rxe8 0-1

[Event "EYTCC U12 Open 2019"]
[Site "Pardubice"]
[Date "2019.07.17"]
[Round "7.24"]
[White "Thatte, Nishchal"]
[Black "Olenik Campa, Rudi"]
[Result "1-0"]
[ECO "C06"]
[WhiteElo "1686"]
[BlackElo "1854"]
[Annotator "NA"]
[PlyCount "119"]
[EventDate "2019.07.11"]
[EventType "swiss"]
[EventCountry "CZE"]
[SourceTitle "playchess.com"]
[Source "ChessBase"]
[SourceQuality "1"]
[WhiteTeam "England"]
[BlackTeam "Slovenia"]
[WhiteTeamCountry "ENG"]
[BlackTeamCountry "SLO"]
[TimeControl "40/5400+30:1800+30"]

1. e4 e6 2. d4 d5 3. Nd2 Nf6 4. e5 Nfd7 5. Bd3 c5 6. c3 Nc6 7. Ne2 cxd4 8. cxd4 f6 9. exf6 Nxf6 10. Nf3 Bd6 11. O-O O-O 12. Bf4 Bxf4 13. Nxf4 Ng4 14. Qd2 Qd6 15. g3 e5 16. dxe5 Ngxe5 17. Be2 d4 18. Nxe5 Nxe5 19. Rad1 Rd8 20. Nd3 Be6 21. Nxe5 Qxe5 22. Rfe1 Qd6 23. b3 Rac8 24. Qg5 Rc5 25. Qh4 b5 26. Bxb5 g5 27. Qh6 Bf7 28. Qxd6 Rxd6 29. Bd3 Bh5 30. Rd2 Bf3 31. Bc4+ Kf8 32. Rd3 Bh5 33. Re4 Bg6 34. Rexd4 Bxd3 35. Rxd6 Bxc4 36. bxc4 Rxc4 37. Rd7 Ra4 38. Rxh7 Rxa2 39. Rh5 Ra5 40. h4 Ra1+ 41. Kg2 gxh4 42. Rxh4 Kf7 43. Rh8 a5 44. Ra8 Kf6 45. f4 Kf5 46. Kf3 Ra3+ 47. Kg2 Ra1 48. Rf8+ Kg4 49. Rg8+ Kf5 50. Rg5+ Kf6 51. Rb5 a4 52. Ra5 a3 53. g4 a2 54. Ra6+ Kf7 55. g5 Kg7 56. f5 Kf7 57. Ra7+ Kg8 58. g6 Kf8 59. f6 Re1 60. Ra8+ 1-0